 Dungeon Crawl Stone Soup version 0.29.0-13-gc9e81de378 (webtiles) character file.

Game seed: 1226432836893209250

234 Arum the Slasher (level 5, -4/42 HPs)
             Began as a Demonspawn Gladiator on Sept 9, 2022.
             Was a Believer of Wu Jian.
             Slain by an orc
             ... wielding a +0 trident
              (9 damage)
             ... on level 5 of the Dungeon.
             The game lasted 00:05:46 (4299 turns).

Arum the Slasher (Demonspawn Gladiator)             Turns: 4299, Time: 00:05:46

Health: -4/42      AC:  3    Str: 17    XL:     5   Next: 75%
Magic:  5/5        EV: 13    Int:  9    God:    Wu Jian [**....]
Gold:   254        SH:  0    Dex: 14    Spells: 4/4 levels left

rFire   . . .      SeeInvis .   a - +0 long sword
rCold   . . .      Faith    .   (no shield)
rNeg    . . .      Spirit   .   b - +0 leather armour
rPois   .          Reflect  +   (helmet restricted)
rElec   .          Harm     .   (no cloak)
rCorr   .          Rampage  .   (no gloves)
Will    +....      Clarity  +   (no boots)
Stlth   +.........              n - amulet of reflection
HPRegen 0.14/turn               s - ring of flight
MPRegen 0.18/turn               (no ring)

@: confused, mighty, ambrosia-drunk, attractive, flying, hasted, invisible, very
quick
A: large bone plates 2, magic regeneration, horns 1, clarity, strong-willed 1
a: Renounce Religion, Wall Jump


You were on level 5 of the Dungeon.
You worshipped Wu Jian.
Wu Jian was pleased with you.
You visited 1 branch of the dungeon, and saw 5 of its levels.

You collected 254 gold pieces.

Inventory:

Hand Weapons
 a - a +0 long sword (weapon)
Missiles
 d - 3 throwing nets (quivered)
 e - a javelin
Armour
 b - a +0 leather armour (worn)
 c - a +0 helmet
Jewellery
 n - an amulet of reflection (around neck)
 s - a ring of flight (left hand)
 u - a +6 ring of dexterity
 x - an amulet of guardian spirit
Scrolls
 g - a scroll of fear {unknown}
 l - 2 scrolls of teleportation {unknown}
 o - a scroll of vulnerability {unknown}
 p - 3 scrolls of identify {unknown}
 q - a scroll of butterflies {unknown}
 r - a scroll of immolation {unknown}
 t - a scroll of blinking {unknown}
Potions
 f - a potion of magic
 i - a potion of lignification


   Skills:
 + Level 3.8 Fighting
 + Level 4.1 Long Blades
 - Level 1.7 Throwing
 + Level 4.0 Dodging


You had 4 spell levels left.
You didn't know any spells.
Your spell library contained the following spells:

 Spells                   Type           Power      Damage    Failure   Level
 Necrotise                Necr           0%         1d4       45%         1
 Vampiric Draining        Necr           0%         2d6       83%         3
 Agony                    Necr           0%         N/A       100%        5


Dungeon Overview and Level Annotations

Branches:
Dungeon (5/15)             Temple (0/1) D:4

Altars:
Nemelex Xobeh
Sif Muna
Wu Jian
Xom

Annotations:
D:5 1 runed translucent door, Dowan, Duvessa


Innate Abilities, Weirdness & Mutations

You are mostly covered in large bone plates. (SH +6)
You regenerate magic rapidly.
You have a pair of small horns on your head.
You possess an exceptional clarity of mind.
You are strong-willed. (Will+)


Message History

The hound is almost dead.
The hound barely misses you. The ufetubus barely misses you.
The ufetubus hits you.
* * * LOW HITPOINT WARNING * * *
The orc closely misses you.
Unknown command.
You slash the hound!
You kill the hound!
The Council accepts your kill. The ufetubus misses you.
You block the ufetubus's attack. x3
Your Dodging skill increases to level 4!
Unknown command.
You strike the helpless ufetubus from behind!
You hit the ufetubus.
You kill the ufetubus!
The Council accepts your kill. You block the orc's attack.
You barely miss Duvessa.
Dowan smirks and points a slender finger.
Duvessa misses you.
You catch the helpless Duvessa completely off-guard!
You hit Duvessa but do no damage. Your headbutt misses Duvessa.
Duvessa closely misses you. You block the orc's attack.
You feel better.
It was a potion of ambrosia.
You are confused.
You feel invigorated. Duvessa hits you with a +0 rapier.
The orc completely misses you.
It was a potion of might.
You feel very mighty all of a sudden.
The orc hits you from afar with a +0 trident.
* * * LOW HITPOINT WARNING * * *
Duvessa hits you with a +0 rapier!
* * * LOW HITPOINT WARNING * * *
It was a potion of attraction.
You feel attractive to monsters.
You're too confused to move!
Duvessa hits you with a +0 rapier.
* * * LOW HITPOINT WARNING * * *
The orc hits you from afar with a +0 trident!
You die...

#### ######
##o{########
......##.ee#.......
......oo..#@.#
......#o###†##
..... #.# #.#
..o...#5##..#####
.......o.........
?......e.....####
..###.##.....#F~~
....##.....+~~~
##...#e....#~~S


You could see Duvessa (unable to see you), Dowan (unable to see you) and an orc
(unable to see you).

Vanquished Creatures
  2 hounds
  A jelly (D:5)
  8 adders
  2 ufetubi
  3 orcs
  8 ball pythons
  4 bats
  3 endoplasms
  4 giant cockroaches
  7 hobgoblins
  2 jackals (D:1)
  8 kobolds
  A quokka (D:2)
  6 frilled lizards
  5 goblins
  2 rats
66 creatures vanquished.

Notes
Turn   | Place    | Note
-------+----------+-------------------------------------------
     0 | D:1      | Arum the Demonspawn Gladiator began the quest for the Orb.
     0 | D:1      | Reached XP level 1. HP: 16/16 MP: 1/1
   210 | D:1      | Found a faded altar of an unknown god.
   220 | D:1      | Prayed at the altar of an unknown god.
   220 | D:1      | Became a worshipper of the Wu Jian Council
   220 | D:1      | Reached * piety under Wu Jian
   405 | D:1      | Gained mutation: You are partially covered in large bone
                  | plates. (SH +4) [demonic ancestry]
   405 | D:1      | Reached XP level 2. HP: 22/22 MP: 2/2
  1195 | D:1      | Reached XP level 3. HP: 27/28 MP: 3/3
  1540 | D:2      | Reached ** piety under Wu Jian
  2488 | D:3      | Found a shimmering blue altar of Sif Muna.
  2654 | D:3      | Found a sparkling altar of Nemelex Xobeh.
  2655 | D:3      | Found a shimmering altar of Xom.
  2768 | D:3      | Gained mutation: You are mostly covered in large bone
                  | plates. (SH +6) [demonic ancestry]
  2768 | D:3      | Reached XP level 4. HP: 35/35 MP: 4/4
  3530 | D:4      | Gained mutation: You regenerate magic rapidly. [demonic
                  | ancestry]
  3530 | D:4      | Reached XP level 5. HP: 19/41 MP: 5/5
  3716 | D:4      | Found a staircase to the Ecumenical Temple.
  4234 | D:5      | Entered Level 5 of the Dungeon
  4234 | D:5      | Found a runed translucent door.
  4246 | D:5      | Noticed Duvessa
  4252 | D:5      | Noticed Dowan
  4271 | D:5      | Gained mutation: You are strong-willed. (Will+) [potion of
                  | mutation]
  4271 | D:5      | Gained mutation: You possess an exceptional clarity of
                  | mind. [potion of mutation]
  4271 | D:5      | Gained mutation: You have a pair of small horns on your
                  | head. [potion of mutation]
  4297 | D:5      | HP: 2/42 [Duvessa/+0 rapier (10)]
  4299 | D:5      | Slain by an orc

Illustrated notes

Levels and vault maps discovered:
D:1:      dpeg_arrival_chambers_temple_mockup, layout_loops_ring,
          hellmonk_ecumenical_altar_run_dry, minmay_tromino_i2
D:2:      layout_basic, minmay_tall_x
D:3:      layout_basic, nicolae_overflow_two_pavilions, lemuel_crystal_altar,
          elyvilon_altar_4
D:4:      layout_loops_ring, temple_green
D:5:      layout_rooms, serial_shops, nicolae_shop_competitors_out_of_business,
          ebering_ghost_sewer_f, uniq_duvessa

Skill      XL: |  1  2  3  4  5 |
---------------+----------------+-----
Dodging        | 3 4 |  4.0
Long Blades    | 3 4 |  4.1
Fighting       | 3 |  3.8
Throwing       | |  1.7

Action                   |  1- 3 |  4- 6 || total
-------------------------+-------+-------++-------
Melee: Long sword        |   134 |   115 ||   249
Invok: Lunge             |    10 |     6 ||    16
       Whirlwind         |       |     2 ||     2
  Use: Potion            |       |    11 ||    11
 Stab: Sleeping          |     1 |       ||     1
       Invisible         |       |     2 ||     2
Armor: Leather armour    |    34 |     9 ||    43
       Skin              |       |    53 ||    53
Dodge: Dodged            |    89 |    75 ||   164
Block: Other             |    36 |    94 ||   130
